 Dungeon Crawl Stone Soup version 0.29.0-4-gdea44cf6ec (webtiles) character file.

Game seed: 11346865137141677939

15316 qw the Brawler (level 12, -18/118 HPs)
             Began as a Troll Cinder Acolyte on Aug 31, 2022.
             Was a Believer of Ignis.
             Demolished by a minotaur
             ... wielding a +1 vorpal broad axe
              (23 damage)
             ... in a Gauntlet.
             The game lasted 00:05:48 (9698 turns).

qw the Brawler (Troll Cinder Acolyte)               Turns: 9698, Time: 00:05:48

Health: -18/118    AC: 15    Str: 29    XL:     12   Next: 0%
Magic:  12/12      EV:  9    Int: 10    God:    Ignis [**....]
Gold:   440        SH:  0    Dex:  5    Spells: 13/13 levels left

rFire   + + .      SeeInvis +     - Unarmed
rCold   + . .      Faith    .   (no shield)
rNeg    . . .      Spirit   .   a - +0 robe
rPois   .          Reflect  .   (helmet restricted)
rElec   .          Harm     .   i - scarf {rC+ rF+}
rCorr   .          Rampage  .   (gloves unavailable)
Will    .....      NoTele   +   (boots unavailable)
Stlth   +.........              q - amulet of the acrobat
HPRegen 1.09/turn               n - ring of see invisible
MPRegen 0.13/turn               l - +4 ring of protection

@: fiery-armoured
A: large, unfitting armour, claws 3, regeneration 1, shaggy fur 1, tough skin 1
a: Renounce Religion, Fiery Armour, Foxfire Swarm, Rising Flame


You were in a Gauntlet.
You worshipped Ignis.
Ignis was pleased with you.
You visited 2 branches of the dungeon, and saw 10 of its levels.
You also visited: Gauntlet.

You collected 560 gold pieces.
You spent 120 gold pieces at shops.


Innate Abilities, Weirdness & Mutations

You are too large for most types of armour.
You have claws for hands.
Your natural rate of healing is unusually fast.
You are covered in fur. (AC +1)
You have tough skin. (AC +1)


   Skills:
 - Level 7.2 Fighting
 - Level 1.4 Throwing
 - Level 2.4 Dodging
 + Level 17.4 Unarmed Combat
 - Level 1.0 Spellcasting
 - Level 2.1 Fire Magic


You had 13 spell levels left.
You didn't know any spells.
Your spell library contained the following spells:

 Spells                   Type           Power      Damage    Failure   Level
 Scorch                   Fire           8%         2d5       22%         2

Inventory:

Armour
 a - a +0 robe (worn)
 f - a scarf of repulsion
 i - a scarf of resistance (worn)
Jewellery
 b - a ring of fire
 l - a +4 ring of protection (right claw)
 n - a ring of see invisible (left claw)
 o - a +4 ring of slaying {mikee}
 q - an amulet of the acrobat (around neck)
Scrolls
 c - 2 scrolls of brand weapon
 h - a scroll of teleportation
 k - 2 scrolls of identify
Potions
 d - a potion of cancellation
 j - 2 potions of haste
 m - 3 potions of might
 p - a potion of mutation
 r - a potion of resistance

Dungeon Overview and Level Annotations

Branches:
Dungeon (8/15)             Temple (0/1) D:4            Lair (2/5) D:8
Gauntlet (1/1)
  Swamp: Lair:2-3    Shoals: Lair:2-3     Snake: Lair:2-3    Spider: Lair:2-3

Altars:
Okawaru
Xom
Yredelemnul

Shops:
D:1 *   D:3 *((![

Annotations:
D:8 2 transporters, qw's ghost, novice TeWr Gauntlet 4 transporters, 1 runed translucent door


Message History

9681 ||| INVOKING Fiery Armour.
A protective cloak of flame settles atop you.
The minotaur throws a silver javelin.
The silver javelin pierces through you!!
The minotaur throws a silver javelin.
The silver javelin pierces through you but does no damage.
The minotaur throws a silver javelin.
The silver javelin misses you.
The minotaur throws a silver javelin.
The silver javelin pierces through you!!
You scratch the minotaur.
You claw the minotaur, but do no damage.
The minotaur is lightly wounded.
The minotaur blocks your attack.
The minotaur is lightly wounded.
The minotaur barely misses you.
The minotaur gores you but does no damage.
You scratch the minotaur.
The minotaur is lightly wounded.
The minotaur hits you with a +1 vorpal broad axe!!
The minotaur gores you!
You scratch the minotaur.
The minotaur is lightly wounded.
You claw the minotaur! The minotaur blocks your attack.
The minotaur is moderately wounded.
The minotaur hits you but does no damage.
The minotaur barely misses you.
You mangle the minotaur!! Your claw misses the minotaur.
The minotaur is heavily wounded.
The minotaur drinks a potion.
The minotaur is healed!
You scratch the minotaur but do no damage.
The minotaur is moderately wounded.
The minotaur blocks your attack.
The minotaur is moderately wounded.
The minotaur barely misses you. The minotaur gores you!
The minotaur is burned by your cloak of flames.
The minotaur is heavily wounded.
You mangle the minotaur!!
The minotaur is severely wounded.
The minotaur hits you with a +1 vorpal broad axe!!
You die...

#~~~#...######
########...#...#8..^#
#..........#.8.#^...#
##.##.###.8.#.}.#8..^#
#8........^.#.8.######
.....#.#.8.#...#.?#^#
#######.#.#.^.#...#.#.#.
[8}8.8#...#.8.#.8.#.#.#.
......H@###.^.#.\.#..#^#
/8[8.8#...#.8.#.8.#.#.#.
##### #.#.#.^.#...#.#.#.
..#.#.8.#...#..#.#
......^.#.8.######
##.###.8.#.}.#8..^#
........#.8.#^...#
#####...#...#8..^#
#~~~#...######


You could see a minotaur.

Vanquished Creatures
  A quicksilver ooze (Gauntlet)
  Harold (Lair:2)
  A ghost crab (Gauntlet)
  A tengu warrior (Gauntlet)
  Nergalle (Lair:2)
  A lindwurm (Lair:2)
  A slime creature (Gauntlet)
  A black mamba (Lair:1)
  An eye of devastation (Gauntlet)
  3 cane toads
  2 komodo dragons
  2 tengu conjurers (Gauntlet)
  Prince Ribbit (D:5)
  A tyrant leech (Lair:2)
  A wyvern (Lair:2)
  Eustachio (D:4)
  A golden eye (Gauntlet)
  25 yaks
  A steam dragon (D:8)
  8 water moccasins
  Duvessa (D:4)
  An orc warrior (D:6)
  2 ogres
  2 sky beasts (D:8)
  4 ice beasts
  3 black bears
  2 centaurs
  2 phantoms
  6 bullfrogs
  2 necrophages
  7 scorpions
  3 wights (D:5)
  Dowan (D:4)
  A howler monkey (D:5)
  2 hounds
  3 jellies
  3 orc priests
  3 gnoll boudas
  3 iguanas
  Natasha (twice) (D:4)
  8 orc wizards
  15 gnolls
  5 adders
  A shadow imp (D:6)
  A white imp (D:3)
  A worm (D:2)
  5 dart slugs
  32 orcs
  6 ball pythons
  9 endoplasms
  7 giant cockroaches
  9 goblins
  7 hobgoblins
  2 jackals
  3 quokkas (D:2)
  6 bats
  3 frilled lizards
  6 kobolds
  9 rats
  A butterfly (D:4)
244 creatures vanquished.

Vanquished Creatures (others)
  33 fungi
  39 plants
72 creatures vanquished.

Grand Total: 316 creatures vanquished

Notes
Turn   | Place    | Note
-------+----------+-------------------------------------------
     0 | D:1      | qw the Troll Cinder Acolyte began the quest for the Orb.
     0 | D:1      | Reached XP level 1. HP: 22/22 MP: 1/1
     0 | D:1      | 0 ||| qw: Version: 0.1-a-97-g2dd2ca4
     0 | D:1      | 0 ||| qw: Game counter: 4504
     0 | D:1      | 0 ||| qw: Always use a shield: true
     0 | D:1      | 0 ||| qw: God list: Okawaru
     0 | D:1      | 0 ||| qw: Allow faded altars: false
     0 | D:1      | 0 ||| qw: Do Orc after D:15 true
     0 | D:1      | 0 ||| qw: Do second Lair branch before Depths: true
     0 | D:1      | 0 ||| qw: Lair rune preference: random
     0 | D:1      | 0 ||| qw: Plans: Normal
     0 | D:1      | 0 ||| PLANNING D:1-11
    76 | D:1      | 76 ||| Stepping ~*~*~tactically~*~*~ (hiding).
    80 | D:1      | 80 ||| Stepping ~*~*~tactically~*~*~ (hiding).
   200 | D:1      | 200 ||| Stepping ~*~*~tactically~*~*~ (stealth).
   210 | D:1      | Reached XP level 2. HP: 23/29 MP: 2/2
   564 | D:1      | Reached skill level 4 in Unarmed Combat
   578 | D:1      | Found Rug Zaith's Assorted Antiques.
   581 | D:1      | 581 ||| BUYING scroll labelled INTEHE YRPHI (27 gold).
   581 | D:1      | Bought a scroll labelled INTEHE YRPHI for 27 gold pieces
   581 | D:1      | 581 ||| SHOPLISTING scroll labelled QASESE TUPH (27 gold,
                  | have 14).
   581 | D:1      | 581 ||| SHOPLISTING scroll labelled XEGULUCL PUIMM (27
                  | gold, have 14).
   874 | D:1      | 874 ||| READING scroll labelled KUTO FOLOW.
   875 | D:1      | 875 ||| READING scroll labelled USTOOF GOSCH.
   876 | D:1      | 876 ||| READING scroll labelled XOITSU XUMUTAO.
   877 | D:1      | 877 ||| READING scroll labelled INTEHE YRPHI.
   943 | D:2      | 943 ||| Stepping ~*~*~tactically~*~*~ (hiding).
  1072 | D:2      | Reached XP level 3. HP: 36/36 MP: 3/3
  1193 | D:2      | 1193 ||| INVOKING Fiery Armour.
  1194 | D:2      | 1194 ||| Stepping ~*~*~tactically~*~*~ (outnumbered).
  1194 | D:2      | HP: 8/36 [poisoned by a kobold]
  1199 | D:2      | HP: 5/36 [poisoned by a kobold]
  1200 | D:2      | Reached skill level 5 in Unarmed Combat
  1200 | D:2      | Reached XP level 4. HP: 6/44 MP: 4/4
  1701 | D:2      | 1701 ||| Stepping ~*~*~tactically~*~*~ (stealth).
  1781 | D:2      | 1781 ||| Stepping ~*~*~tactically~*~*~ (stealth).
  1783 | D:2      | 1783 ||| Stepping ~*~*~tactically~*~*~ (hiding).
  1784 | D:2      | 1784 ||| Stepping ~*~*~tactically~*~*~ (hiding).
  1787 | D:2      | 1787 ||| Stepping ~*~*~tactically~*~*~ (hiding).
  2198 | D:2      | 2198 ||| UPGRADING to scarf of resistance.
  2203 | D:2      | 2203 ||| READING scroll labelled GAKUHI DIOKHLY.
  2204 | D:2      | 2204 ||| READING scroll labelled XEGULUCL PUIMM.
  2207 | D:2      | 2207 ||| READING scroll labelled DAEJAO WOQICIU.
  2229 | D:2      | 2229 ||| READING scroll labelled SUSAKA QUBLUDE.
  2230 | D:2      | 2230 ||| READING scroll labelled QIGAON QEY.
  2231 | D:2      | 2231 ||| DRINKING 2 glowing purple potions.
  2254 | D:2      | 2254 ||| DRINKING 2 viscous silvery potions.
  2255 | D:2      | 2255 ||| DROPPING potion of lignification.
  2324 | D:2      | 2324 ||| Stepping randomly (stuck).
  2355 | D:2      | 2355 ||| Stepping randomly (stuck).
  2398 | D:3      | 2398 ||| PLANNING SEWER
  2426 | D:3      | Found Luuquj's Assorted Antiques.
  2434 | D:3      | 2434 ||| BUYING 3 scrolls labelled POAJIUNLUA (72 gold).
  2434 | D:3      | Bought 3 scrolls labelled POAJIUNLUA for 72 gold pieces
  2434 | D:3      | 2434 ||| BUYING cyan potion (21 gold).
  2434 | D:3      | Bought a cyan potion for 21 gold pieces
  2434 | D:3      | 2434 ||| SHOPLISTING inky potion (21 gold, have 13).
  2434 | D:3      | 2434 ||| SHOPLISTING potion of might (96 gold, have 13).
  2434 | D:3      | 2434 ||| SHOPLISTING scroll labelled VAOXZO FOWAR (24 gold,
                  | have 13).
  2445 | D:3      | 2445 ||| Stepping ~*~*~tactically~*~*~ (hiding).
  2575 | D:3      | 2575 ||| INVOKING Fiery Armour.
  2577 | D:3      | Reached XP level 5. HP: 50/50 MP: 5/5
  2621 | D:3      | Found Aphiaczo's Weapon Emporium.
  2662 | D:3      | Reached skill level 6 in Unarmed Combat
  2665 | D:3      | Found Sohid's Distillery.
  2675 | D:3      | 2675 ||| SHOPLISTING potion of cancellation (80 gold, have
                  | 35).
  2675 | D:3      | 2675 ||| SHOPLISTING potion of haste (100 gold, have 35).
  2675 | D:3      | 2675 ||| SHOPLISTING potion of heal wounds (50 gold, have
                  | 35).
  2694 | D:3      | Found Cobul's Armour Emporium.
  2705 | D:3      | 2705 ||| Stepping ~*~*~tactically~*~*~ (stealth).
  2801 | D:3      | Found Tuxow's Weapon Shop.
  2914 | D:3      | Found a glowing drain.
  2915 | D:3      | 2915 ||| UPGRADING to +6 ring of strength.
  2916 | D:3      | 2916 ||| UPGRADING to +4 ring of protection.
  2917 | D:3      | 2917 ||| READING 3 scrolls labelled POAJIUNLUA.
  2918 | D:3      | 2918 ||| DRINKING 2 fizzy black potions.
  2919 | D:3      | 2919 ||| DRINKING 2 emerald potions.
  2920 | D:3      | 2920 ||| READING 2 scrolls of identify.
  2920 | D:3      | 2920 ||| IDENTIFYING inky potion
  2921 | D:3      | 2921 ||| DROPPING potion of berserk rage.
  2922 | D:3      | 2922 ||| DROPPING potion of magic.
  3010 | D:3      | 3010 ||| INVOKING Fiery Armour.
  3011 | D:3      | 3011 ||| Stepping ~*~*~tactically~*~*~ (stealth).
  3014 | D:3      | 3014 ||| Stepping ~*~*~tactically~*~*~ (outnumbered).
  3017 | D:3      | 3017 ||| Stepping ~*~*~tactically~*~*~ (outnumbered).
  3092 | D:3      | 3092 ||| RIP SEWER
  3131 | D:3      | 3131 ||| PLANNING D:1-11
  3296 | D:2      | 3296 ||| Stepping randomly (stuck).
  3312 | D:4      | Found a staircase to the Ecumenical Temple.
  3443 | D:4      | Found a shimmering altar of Xom.
  3443 | D:4      | Noticed Natasha
  3447 | D:4      | Killed Natasha
  3612 | D:4      | 3612 ||| Stepping ~*~*~tactically~*~*~ (outnumbered).
  3678 | D:4      | Reached XP level 6. HP: 56/59 MP: 6/6
  3691 | D:4      | Noticed Eustachio
  3704 | D:4      | Noticed Duvessa
  3705 | D:4      | 3705 ||| INVOKING Fiery Armour.
  3717 | D:4      | Killed Duvessa
  3718 | D:4      | Reached skill level 7 in Unarmed Combat
  3726 | D:4      | Noticed Dowan
  3740 | D:4      | Killed Dowan
  3747 | D:4      | Killed Eustachio
  3748 | D:4      | Reached skill level 8 in Unarmed Combat
  3748 | D:4      | Reached XP level 7. HP: 46/66 MP: 7/7
  3830 | D:4      | 3830 ||| Stepping ~*~*~tactically~*~*~ (stealth).
  3841 | D:4      | Reached skill level 3 in Fighting
  3946 | D:4      | 3946 ||| Stepping ~*~*~tactically~*~*~ (stealth).
  4027 | D:4      | Noticed Natasha
  4032 | D:4      | Killed Natasha
  4074 | D:4      | 4074 ||| READING scroll labelled VAOXZO FOWAR.
  4075 | D:4      | 4075 ||| READING scroll labelled QASESE TUPH.
  4076 | D:4      | 4076 ||| READING scroll labelled XYNYLU JUWACAM.
  4077 | D:4      | 4077 ||| READING 3 scrolls of identify.
  4077 | D:4      | 4077 ||| IDENTIFYING glowing inky potion
  4078 | D:4      | 4078 ||| READING 2 scrolls of identify.
  4078 | D:4      | 4078 ||| IDENTIFYING pink potion
  4079 | D:4      | 4079 ||| DROPPING potion of brilliance.
  4080 | D:4      | 4080 ||| DROPPING potion of invisibility.
  4089 | D:5      | Entered Level 5 of the Dungeon
  4103 | D:5      | 4103 ||| DRINKING potion of curing.
  4103 | D:5      | 4103 ||| (to cure confusion)
  4133 | D:5      | Reached skill level 9 in Unarmed Combat
  4137 | D:5      | 4137 ||| FLEEEEING.
  4138 | D:5      | 4138 ||| FLEEEEING.
  4139 | D:5      | 4139 ||| FLEEEEING.
  4140 | D:5      | 4140 ||| FLEEEEING.
  4141 | D:5      | 4141 ||| FLEEEEING.
  4142 | D:5      | 4142 ||| FLEEEEING.
  4143 | D:5      | 4143 ||| FLEEEEING.
  4144 | D:5      | 4144 ||| FLEEEEING.
  4145 | D:5      | 4145 ||| FLEEEEING.
  4147 | D:5      | 4147 ||| STAIRDANCE
  4152 | D:4      | 4152 ||| READING 2 scrolls of identify.
  4152 | D:4      | 4152 ||| IDENTIFYING cyan potion
  4181 | D:5      | Reached skill level 1 in Throwing
  4184 | D:5      | Noticed Prince Ribbit
  4192 | D:5      | Killed Prince Ribbit
  4193 | D:5      | Reached XP level 8. HP: 75/75 MP: 8/8
  4213 | D:5      | 4213 ||| Stepping ~*~*~tactically~*~*~ (hiding).
  4226 | D:5      | 4226 ||| Stepping ~*~*~tactically~*~*~ (outnumbered).
  4240 | D:5      | 4240 ||| Stepping ~*~*~tactically~*~*~ (stealth).
  4432 | D:5      | Reached skill level 10 in Unarmed Combat
  4443 | D:5      | 4443 ||| Stepping ~*~*~tactically~*~*~ (hiding).
  4444 | D:5      | 4444 ||| Stepping ~*~*~tactically~*~*~ (hiding).
  4453 | D:5      | 4453 ||| Stepping ~*~*~tactically~*~*~ (outnumbered).
  4454 | D:5      | 4454 ||| Stepping ~*~*~tactically~*~*~ (outnumbered).
  4455 | D:5      | 4455 ||| Stepping ~*~*~tactically~*~*~ (outnumbered).
  4457 | D:5      | 4457 ||| Stepping ~*~*~tactically~*~*~ (outnumbered).
  4458 | D:5      | 4458 ||| Stepping ~*~*~tactically~*~*~ (outnumbered).
  4819 | D:5      | 4819 ||| DROPPING ring of flight.
  4820 | D:5      | 4820 ||| UPGRADING to ring of see invisible.
  4833 | D:6      | 4833 ||| STAIRDANCE
  4835 | D:5      | 4835 ||| Stepping ~*~*~tactically~*~*~ (outnumbered).
  4836 | D:5      | 4836 ||| Stepping ~*~*~tactically~*~*~ (outnumbered).
  4837 | D:5      | 4837 ||| Stepping ~*~*~tactically~*~*~ (outnumbered).
  4840 | D:5      | 4840 ||| Stepping ~*~*~tactically~*~*~ (outnumbered).
  4842 | D:5      | 4842 ||| Stepping ~*~*~tactically~*~*~ (outnumbered).
  5051 | D:6      | 5051 ||| FLEEEEING.
  5056 | D:6      | 5056 ||| FLEEEEING.
  5057 | D:6      | 5057 ||| FLEEEEING.
  5058 | D:6      | 5058 ||| FLEEEEING.
  5059 | D:6      | 5059 ||| FLEEEEING.
  5066 | D:6      | 5066 ||| FLEEEEING.
  5067 | D:6      | 5067 ||| FLEEEEING.
  5072 | D:6      | 5072 ||| STAIRDANCE
  5083 | D:6      | 5083 ||| STAIRDANCE
  5092 | D:6      | 5092 ||| STAIRDANCE
  5115 | D:6      | 5115 ||| STAIRDANCE
  5120 | D:6      | 5120 ||| STAIRDANCE
  5144 | D:6      | 5144 ||| Stepping ~*~*~tactically~*~*~ (hiding).
  5152 | D:6      | 5152 ||| STAIRDANCE
  5232 | D:6      | Found an iron altar of Okawaru.
  5237 | D:6      | Reached XP level 9. HP: 84/84 MP: 9/9
  5259 | D:6      | Reached skill level 11 in Unarmed Combat
  5411 | D:6      | Found a basalt altar of Yredelemnul.
  5511 | D:6      | 5511 ||| Stepping ~*~*~tactically~*~*~ (hiding).
  5858 | D:6      | 5858 ||| DRINKING 2 clear potions.
  5859 | D:6      | 5859 ||| DRINKING 2 viscous clear potions.
  5910 | D:7      | Reached skill level 12 in Unarmed Combat
  6278 | D:7      | 6278 ||| Stepping ~*~*~tactically~*~*~ (hiding).
  6594 | D:7      | 6594 ||| Stepping ~*~*~tactically~*~*~ (stealth).
  6596 | D:7      | 6596 ||| Stepping ~*~*~tactically~*~*~ (stealth).
  6681 | D:7      | 6681 ||| READING scroll labelled AREHIU SOEV.
  6682 | D:7      | 6682 ||| READING scroll labelled KOH SAIGIKKIU.
  6731 | D:8      | 6731 ||| STAIRDANCE
  6737 | D:8      | 6737 ||| STAIRDANCE
  6739 | D:7      | 6739 ||| Stepping ~*~*~tactically~*~*~ (outnumbered).
  6740 | D:7      | 6740 ||| Stepping ~*~*~tactically~*~*~ (outnumbered).
  6741 | D:7      | 6741 ||| Stepping ~*~*~tactically~*~*~ (outnumbered).
  6760 | D:8      | 6760 ||| Stepping ~*~*~tactically~*~*~ (hiding).
  6774 | D:8      | 6774 ||| Stepping ~*~*~tactically~*~*~ (stealth).
  6850 | D:8      | 6850 ||| Stepping ~*~*~tactically~*~*~ (stealth).
  6863 | D:8      | 6863 ||| Stepping ~*~*~tactically~*~*~ (hiding).
  6889 | D:8      | 6889 ||| INVOKING Fiery Armour.
  6890 | D:8      | 6890 ||| Stepping ~*~*~tactically~*~*~ (outnumbered).
  6892 | D:8      | 6892 ||| Stepping ~*~*~tactically~*~*~ (outnumbered).
  6894 | D:8      | 6894 ||| Stepping ~*~*~tactically~*~*~ (outnumbered).
  6897 | D:8      | 6897 ||| Stepping ~*~*~tactically~*~*~ (outnumbered).
  6906 | D:8      | Reached skill level 13 in Unarmed Combat
  6906 | D:8      | 6906 ||| FLEEEEING.
  6909 | D:8      | 6909 ||| FLEEEEING.
  6910 | D:8      | 6910 ||| FLEEEEING.
  6911 | D:8      | 6911 ||| FLEEEEING.
  6913 | D:8      | 6913 ||| FLEEEEING.
  6914 | D:8      | 6914 ||| FLEEEEING.
  6915 | D:8      | 6915 ||| FLEEEEING.
  6916 | D:8      | 6916 ||| FLEEEEING.
  6917 | D:8      | 6917 ||| FLEEEEING.
  6918 | D:8      | 6918 ||| FLEEEEING.
  6919 | D:8      | 6919 ||| FLEEEEING.
  6920 | D:8      | 6920 ||| FLEEEEING.
  6921 | D:8      | 6921 ||| FLEEEEING.
  6922 | D:8      | 6922 ||| FLEEEEING.
  6926 | D:8      | 6926 ||| FLEEEEING.
  6927 | D:8      | 6927 ||| STAIRDANCE
  6943 | D:7      | 6943 ||| READING 3 scrolls of identify.
  6943 | D:7      | 6943 ||| IDENTIFYING murky purple potion
  6944 | D:7      | 6944 ||| DROPPING potion of attraction.
  6951 | D:8      | 6951 ||| STAIRDANCE
  6969 | D:8      | Noticed a two-headed ogre
  6971 | D:8      | Noticed qw's ghost (novice TeWr)
  6992 | D:8      | Reached XP level 10. HP: 93/96 MP: 10/10
  7018 | D:8      | 7018 ||| FLEEEEING.
  7060 | D:8      | Found a staircase to the Lair.
  7118 | D:8      | 7118 ||| Stepping ~*~*~tactically~*~*~ (hiding).
  7119 | D:8      | 7119 ||| Stepping ~*~*~tactically~*~*~ (hiding).
  7129 | D:8      | 7129 ||| Stepping ~*~*~tactically~*~*~ (stealth).
  7131 | D:8      | 7131 ||| Stepping ~*~*~tactically~*~*~ (stealth).
  7133 | D:8      | 7133 ||| Stepping ~*~*~tactically~*~*~ (stealth).
  7134 | D:8      | 7134 ||| Stepping ~*~*~tactically~*~*~ (stealth).
  7135 | D:8      | 7135 ||| Stepping ~*~*~tactically~*~*~ (stealth).
  7139 | D:8      | 7139 ||| Stepping ~*~*~tactically~*~*~ (stealth).
  7204 | D:8      | Found a transporter.
  7210 | D:8      | Found a transporter.
  7408 | D:8      | Reached skill level 14 in Unarmed Combat
  7409 | D:8      | 7409 ||| Stepping ~*~*~tactically~*~*~ (outnumbered).
  7577 | D:8      | 7577 ||| PLANNING LAIR
  7577 | D:8      | 7577 ||| READING scroll labelled ETUFYS UGOEPH.
  7577 | D:8      | Identified a scroll of acquirement
  7577 | D:8      | 7577 ||| ACQUIRING +4 ring of slaying
  7577 | D:8      | Acquired a +4 ring of slaying
  7579 | D:8      | 7579 ||| DROPPING +6 ring of strength.
  7600 | Lair:1   | Entered Level 1 of the Lair of Beasts
  7643 | Lair:1   | Reached skill level 6 in Fighting
  7764 | Lair:1   | Noticed a cane toad
  7776 | Lair:1   | Killed a cane toad
  7796 | Lair:1   | Noticed a black mamba
  7799 | Lair:1   | Killed a black mamba
  7854 | Lair:1   | 7854 ||| Stepping ~*~*~tactically~*~*~ (stealth).
  7864 | Lair:1   | 7864 ||| Stepping ~*~*~tactically~*~*~ (outnumbered).
  7868 | Lair:1   | Reached skill level 15 in Unarmed Combat
  7928 | Lair:1   | Reached XP level 11. HP: 105/105 MP: 11/11
  7991 | Lair:1   | 7991 ||| READING scroll of acquirement.
  7991 | Lair:1   | 7991 ||| ACQUIRING amulet of the acrobat
  7991 | Lair:1   | Acquired an amulet of the acrobat
  7993 | Lair:1   | 7993 ||| UPGRADING to amulet of the acrobat.
  8021 | Lair:1   | 8021 ||| Stepping ~*~*~tactically~*~*~ (stealth).
  8026 | Lair:1   | 8026 ||| Stepping ~*~*~tactically~*~*~ (outnumbered).
  8043 | Lair:1   | 8043 ||| Stepping ~*~*~tactically~*~*~ (outnumbered).
  8044 | Lair:1   | 8044 ||| Stepping ~*~*~tactically~*~*~ (outnumbered).
  8045 | Lair:1   | 8045 ||| Stepping ~*~*~tactically~*~*~ (outnumbered).
  8046 | Lair:1   | 8046 ||| Stepping ~*~*~tactically~*~*~ (outnumbered).
  8047 | Lair:1   | 8047 ||| Stepping ~*~*~tactically~*~*~ (outnumbered).
  8048 | Lair:1   | 8048 ||| Stepping ~*~*~tactically~*~*~ (outnumbered).
  8521 | Lair:1   | 8521 ||| DROPPING ring of positive energy.
  8522 | Lair:1   | 8522 ||| READING 4 scrolls of identify.
  8522 | Lair:1   | 8522 ||| IDENTIFYING murky dark potion
  8523 | Lair:1   | 8523 ||| READING 3 scrolls of identify.
  8523 | Lair:1   | 8523 ||| IDENTIFYING coppery potion
  8549 | Lair:2   | 8549 ||| PLANNING GAUNTLET
  8556 | Lair:2   | 8556 ||| STAIRDANCE
  8691 | Lair:2   | Reached skill level 16 in Unarmed Combat
  8784 | Lair:2   | 8784 ||| INVOKING Fiery Armour.
  8785 | Lair:2   | HP: 18/105 [komodo dragon (18)]
  8786 | Lair:2   | 8786 ||| READING 2 scrolls of teleportation.
  8787 | Lair:2   | 8787 ||| DRINKING 2 potions of heal wounds.
  8861 | Lair:2   | Noticed Nergalle
  8879 | Lair:2   | Killed Nergalle
  8919 | Lair:2   | Noticed Harold
  8929 | Lair:2   | 8929 ||| INVOKING Fiery Armour.
  8936 | Lair:2   | Killed Harold
  9029 | Lair:2   | Noticed a lindwurm
  9035 | Lair:2   | 9035 ||| Stepping ~*~*~tactically~*~*~ (outnumbered).
  9037 | Lair:2   | 9037 ||| Stepping ~*~*~tactically~*~*~ (outnumbered).
  9038 | Lair:2   | 9038 ||| Stepping ~*~*~tactically~*~*~ (outnumbered).
  9039 | Lair:2   | Killed a lindwurm
  9071 | Lair:2   | Found a gate leading to a gauntlet.
  9078 | Gauntlet | Entered a Gauntlet
  9078 | Gauntlet | Found a transporter.
  9088 | Gauntlet | Found a transporter.
  9090 | Gauntlet | Found a transporter.
  9091 | Gauntlet | Found a transporter.
  9095 | Gauntlet | Found a runed translucent door.
  9095 | Gauntlet | Found a runed translucent door.
  9099 | Gauntlet | Found a transporter.
  9099 | Gauntlet | Noticed a tengu warrior
  9102 | Gauntlet | Found a transporter.
  9103 | Gauntlet | Found a transporter.
  9115 | Gauntlet | Found a transporter.
  9116 | Gauntlet | Found a transporter.
  9116 | Gauntlet | Found a transporter.
  9120 | Gauntlet | Noticed a ghost crab
  9122 | Gauntlet | Found a runed translucent gate.
  9122 | Gauntlet | Found a runed translucent gate.
  9122 | Gauntlet | Found a runed translucent gate.
  9124 | Gauntlet | Found a transporter.
  9127 | Gauntlet | Found a transporter.
  9128 | Gauntlet | Found a transporter.
  9135 | Gauntlet | Noticed a quicksilver ooze
  9137 | Gauntlet | Found a transporter.
  9226 | Gauntlet | 9226 ||| INVOKING Fiery Armour.
  9310 | Gauntlet | 9310 ||| Stepping randomly (stuck).
  9312 | Gauntlet | 9312 ||| Stepping randomly (stuck).
  9314 | Gauntlet | 9314 ||| Stepping randomly (stuck).
  9316 | Gauntlet | 9316 ||| Stepping randomly (stuck).
  9317 | Gauntlet | 9317 ||| Stepping randomly (stuck).
  9318 | Gauntlet | 9318 ||| Stepping randomly (stuck).
  9330 | Gauntlet | Killed a tengu warrior
  9380 | Gauntlet | 9380 ||| DRINKING 3 potions of curing.
  9380 | Gauntlet | 9380 ||| (to cure confusion)
  9383 | Gauntlet | 9383 ||| DRINKING 2 potions of curing.
  9383 | Gauntlet | 9383 ||| (to cure confusion)
  9385 | Gauntlet | 9385 ||| DRINKING potion of curing.
  9385 | Gauntlet | 9385 ||| (to cure confusion)
  9409 | Gauntlet | Reached skill level 17 in Unarmed Combat
  9528 | Gauntlet | Killed a ghost crab
  9529 | Gauntlet | 9529 ||| Stepping ~*~*~tactically~*~*~ (cloud).
  9573 | Gauntlet | HP: 25/109 [quicksilver ooze (17)]
  9574 | Gauntlet | 9574 ||| DRINKING 2 potions of heal wounds.
  9575 | Gauntlet | 9575 ||| DRINKING potion of heal wounds.
  9576 | Gauntlet | Killed a quicksilver ooze
  9577 | Gauntlet | Reached XP level 12. HP: 24/118 MP: 0/12
  9668 | Gauntlet | Identified the +2 pair of gloves of the Locust {Int+2 Dex+5
                  | SInv}
  9680 | Gauntlet | Found the +2 cloak of the Thief {*Fog Slay-2 SInv Stlth+}
  9680 | Gauntlet | Noticed a minotaur
  9681 | Gauntlet | 9681 ||| INVOKING Fiery Armour.
  9692 | Gauntlet | HP: 25/118 [minotaur/+1 vorpal broad axe (22)]
  9697 | Gauntlet | HP: 4/118 [minotaur/+1 vorpal broad axe (14)]
  9698 | Gauntlet | Demolished by a minotaur

Levels and vault maps discovered:
D:1:      minmay_arrival_three_doors, layout_loops_cross, serial_shops,
          nicolae_shop_behind_doors
D:2:      minmay_thinvault, layout_basic, wad_floor_pattern_untrapped,
          minmay_strange_pillars
D:3:      layout_basic, serial_shops, shop, shop,
          nicolae_shop_temple_entry_statues_fountains, shop, shop_fountains,
          gup_sewer_entry_glass
D:4:      layout_loops_ring, xom_butterflies, minmay_temple_entry_waves,
          uniq_duvessa, uniq_eustachio, uniq_natasha
D:5:      layout_basic, uniq_prince_ribbit1
D:6:      layout_loops_ring, mainiacjoe_overflow_catwalk_spiral
D:7:      layout_loops_corners, chequers_serial_rivers_room_b,
          kennysheep_generic_room_13
D:8:      layout_loops_ring, due_lair_maze_entry_diamond, gammafunk_ghost_arena,
          dk_rats_in_the_wall
Lair:1:   layout_roguey
Lair:2:   layout_regular_city, minmay_swamp_entry_worms, gauntlet_entry_generic,
          chequers_serial_rivers_marsh, forest_entry_grove, uniq_harold,
          uniq_nergalle
Gauntlet: gammafunk_gauntlet_77_escape_option
          [minmay_gauntlet_arena_77_tiled_triplets,
          minmay_gauntlet_arena_77_shame_cube, minmay_gauntlet_arena_77_braids,
          minmay_gauntlet_arena_77_run_for_it,
          minmay_gauntlet_arena_77_checkered,
          nicolae_gauntlet_exit_dead_adventurers]

Skill      XL: |  1  2  3  4  5  6  7  8  9 10 11 |
---------------+----------------------------------+-----
Unarmed Combat | 4 5 6 8 9 10 13 15 17 | 17.4
Fighting       | 3 4 5 6 7 |  7.2
Throwing       | 1 |  1.4
Dodging        | 2 |  2.4
Spellcasting   | |  1.0
Fire Magic     | |  2.1

Action                   |  1- 3 |  4- 6 |  7- 9 | 10-12 || total
-------------------------+-------+-------+-------+-------++-------
Melee: Unarmed           |    74 |   166 |   275 |   263 ||   778
       Punch             |     1 |     3 |     6 |    16 ||    26
Throw: Boomerang         |       |     2 |    46 |       ||    48
Invok: Fiery Armour      |     1 |     3 |     1 |     4 ||     9
  Use: Scroll            |     4 |     7 |     9 |     5 ||    25
       Potion            |       |     4 |     3 |     6 ||    13
Armor: Robe              |    18 |    51 |    96 |    72 ||   237
Dodge: Dodged            |    22 |    63 |   118 |    78 ||   281

Table legend:
 A = Non-vault XP
 B = Vault XP
 C = Vault XP percentage of total XP
 D = Non-vault monster count
 E = Vault monster count
 F = Vault count percentage of total count
                 A         B        C        D         E       F
            +---------+---------+-------+---------+---------+-------
      Total |   13562 |    8318 |  38.0 |     198 |      45 |  18.5
            +---------+---------+-------+---------+---------+-------
        D:1 |      32 |       0 |   0.0 |      17 |       0 |   0.0
        D:2 |      53 |      80 |  60.2 |      21 |      19 |  47.5
        D:3 |     140 |       0 |   0.0 |      22 |       0 |   0.0
        D:4 |     298 |     440 |  59.6 |      18 |       4 |  18.2
        D:5 |    1088 |     277 |  20.3 |      28 |       1 |   3.4
        D:6 |    1373 |       0 |   0.0 |      20 |       0 |   0.0
        D:7 |     590 |       0 |   0.0 |      18 |       0 |   0.0
        D:8 |    1789 |    1393 |  43.8 |      19 |       9 |  32.1
     Lair:1 |    5058 |       0 |   0.0 |      26 |       0 |   0.0
     Lair:2 |    2611 |    1911 |  42.3 |       8 |       3 |  27.3
   Gauntlet |     530 |    4217 |  88.8 |       1 |       9 |  90.0
            +---------+---------+-------+---------+---------+-------
